Map: Cañón polvoriento

Players

AyuAyu

  • Race: Zerg Zerg
  • Spawn Location: 11:00

starkiller

  • Race: Protoss Protoss
  • Spawn Location: 9:00

MrFercho

  • Race: Zerg Zerg
  • League: Silver
  • Spawn Location: 3:00

TATORREA

  • Race: Protoss Protoss
  • League: Silver
  • Spawn Location: 5:00

VOD

Have the link to the VOD?

Description

Time

  • Played on: May 14, 2020, 8:53 p.m.
  • Length: 4:57
Show
View Real Time Build Order
Export as new Build Order

AyuAyu Zerg 

Build Orders: Pool Only 

Get SALT Encoding   

  12  0:02  Drone  
  13  0:09  Drone  
  14  0:18  Overlord  
  14  0:23  Extractor  
  13  0:28  Extractor  
  13  0:32  Drone  
  13  0:33  Drone  
  14  0:55  Spawning Pool  
  14  0:56  Drone  
  14  1:41  Metabolic Boost  
  14  1:43  Queen  
  14  1:44  Zergling x2  
  14  1:45  Zergling x4  
  19  1:59  Zergling x2  
  20  2:08  Overlord  
  20  2:28  Zergling x4  
  22  2:42  Zergling x2  
  23  2:52  Zergling x2  
  24  3:02  Zergling x2  
  25  3:10  Zergling x6  
  28  3:16  Overlord  
  28  3:48  Lair, Spine Crawler  
  23  4:31  Overlord  
  22  4:32  Roach Warren  
  22  4:33  Zergling x4  
Show
View Real Time Build Order
Export as new Build Order

starkiller Protoss 

Build Orders:  

Get SALT Encoding   

  12  0:01  Probe  
  13  0:15  Pylon  
  13  0:18  Probe  
  14  0:30  Probe  
  14  0:34  Pylon  
  15  0:42  Probe  
  16  0:48  Gateway  
  16  0:54  Probe  
  17  1:01  Assimilator  
  17  1:06  Probe  
  17  1:08  Assimilator  
  18  1:20  Gateway  
  18  1:24  Probe  
  19  1:36  Probe, Zealot  
  22  1:44  Forge  
  22  1:48  Probe  
  23  2:03  Gateway  
  23  2:07  Zealot  
  25  2:20  Zealot  
  25  2:21  Pylon  
  27  2:35  Cybernetics Core  
  27  2:39  Zealot  
  29  2:50  Zealot  
  29  2:51  Zealot  
  33  2:56  Probe  
  34  3:08  Probe  
  34  3:09  Gateway  
  35  3:15  Zealot  
  37  3:20  Zealot  
  39  3:43  Pylon  
  39  3:52  Robotics Facility  
  39  4:01  Zealot  
  43  4:02  Zealot  
  43  4:03  Zealot x2  
Show
View Real Time Build Order
Export as new Build Order

MrFercho Zerg 

Build Orders: Pool Only 

Get SALT Encoding   

  12  0:02  Drone  
  13  0:09  Extractor  
  12  0:17  Overlord  
  12  0:22  Drone  
  12  0:26  Drone  
  14  0:38  Drone  
  15  0:52  Drone  
  15  0:57  Spawning Pool, Drone  
  16  1:01  Drone  
  17  1:13  Drone  
  18  1:22  Drone  
  19  1:26  Extractor  
  18  1:33  Drone  
  19  1:53  Drone  
  20  1:57  Drone  
  21  2:16  Overlord  
  21  2:33  Zergling x2  
  21  2:35  Zergling x2  
  23  3:03  Drone  
  23  3:04  Zergling x4  
  26  3:17  Roach Warren  
Show
View Real Time Build Order
Export as new Build Order

TATORREA Protoss 

Build Orders: Oracle Opening 

Get SALT Encoding   

  12  0:02  Probe  
  13  0:21  Probe  
  14  0:23  Pylon  
  14  0:33  Probe  
  15  0:50  Gateway, Probe  
  15  0:55  Assimilator  
  16  1:06  Probe  
  17  1:12  Gateway  
  17  1:18  Probe  
  17  1:21  Assimilator  
  18  1:31  Probe  
  18  1:32  Pylon  
  19  1:46  Probe  
  20  1:49  Cybernetics Core  
  20  2:05  Zealot x2  
  24  2:09  Probe  
  25  2:20  Pylon  
  25  2:21  Warp Gate  
  25  2:33  Stalker (Chrono Boost)  
  27  2:40  Stalker (Chrono Boost)  
  27  2:43  Probe  
  30  2:56  Probe  
  31  3:09  Forge, Stargate  
  31  3:42  Stalker x2  
  35  3:53  Oracle  
Tags
 
Add a new tag
Caveats
  • Supply blocks, unpowered buildings, or Contaminate may cause inaccurate times.
  • Supply counts are checked every 10 seconds.